[Event "Titled Tuesday Blitz December 06 Early 2022"]
[White "Najdin, Danil"]
[Black "Zaksaite, Salomeja"]
[WhiteFideId "4172426"]
[BlackFideId "12801496"]
[WhiteElo "2245"]
[BlackElo "2079"]
[Result "1-0"]
[Round "03"]
[TimeControl "180+1"]
[Date "2022.12.07"]
[WhiteClock "0:01:13"]
[BlackClock "0:00:49"]

1. e4 c5 2. Nf3 e6 3. d4 cxd4 4. Nxd4 Nf6 5. Nc3 Nc6 6. Nxc6 bxc6 7. e5 Nd5 8. Ne4 Qc7 9. f4 Qb6 10. c4 Bb4+ 11. Ke2 f5 12. Nf2 Ba6 13. Kf3 Ne7 14. Be3 Bc5 15. Bxc5 Qxc5 16. Qa4 Bb7 17. Rd1 Qb6 18. h4 c5+ 19. Kg3 Nc6 20. Nd3 O-O-O 21. Qa3 d6 22. Be2 Nd4 23. Bf3 Nxf3 24. gxf3 h6 25. exd6 Rxd6 26. Qxc5+ Kb8 27. Qe5 Qc7 28. Nc5 Rhd8 29. Nxe6 Qc6 30. Rd5 Kc8 31. Rc5 Rxe6 32. Qxe6+ 1-0


[Site "https://www.chess.com"]

[Event "Titled Tuesday Blitz December 06 Early 2022"]
[White "Nepo"]
[Black "Mihailidis, Anastasios"]
[BlackFideId "4205588"]
[WhiteElo "2227"]
[BlackElo "2312"]
[Result "1-0"]
[Round "03"]
[TimeControl "180+1"]
[Date "2022.12.07"]
[WhiteClock "0:00:19"]
[BlackClock "0:00:03"]

1. e4 c5 2. Nf3 d6 3. d4 cxd4 4. Nxd4 Nf6 5. Nc3 g6 6. Be3 Bg7 7. f3 O-O 8. Qd2 Nc6 9. O-O-O d5 10. Qe1 e5 11. Nxc6 bxc6 12. exd5 cxd5 13. Bg5 Be6 14. Bc4 Qb6 15. Bxf6 Bxf6 16. Bxd5 Rab8 17. Bb3 Bxb3 18. axb3 a5 19. Kb1 Bg7 20. Qe4 f5 21. Qc4+ Kh8 22. Rd7 e4 23. fxe4 Rbc8 24. Qb5 Qf2 25. exf5 Rxf5 26. Qb7 Rg8 27. Rhd1 Qc5 28. Qc7 Qf8 29. Ne4 Qb4 30. Nd6 Qf4 31. Nf7+ Rxf7 32. Rxf7 Qh4 33. Rdd7 Qe1+ 34. Ka2 Qe5 35. Qxe5 Bxe5 36. Rxh7# 1-0


[Site "https://www.chess.com"]

[Event "Titled Tuesday Blitz December 06 Early 2022"]
[White "Oparin, Grigoriy"]
[Black "Maksimovic, Bojan"]
[WhiteFideId "24125890"]
[BlackFideId "14408120"]
[WhiteElo "2641"]
[BlackElo "2462"]
[Result "1-0"]
[Round "03"]
[TimeControl "180+1"]
[Date "2022.12.06"]
[WhiteClock "0:02:40"]
[BlackClock "0:01:32"]

1. Nf3 Nf6 2. g3 g6 3. Bg2 Bg7 4. c4 d6 5. Nc3 O-O 6. d4 c6 7. O-O Bf5 8. Qb3 Qb6 9. Rd1 Qxb3 10. axb3 Na6 11. Ne1 Nb4 12. e4 Bg4 13. f3 Be6 14. Be3 Rfb8 15. Bf2 Bc8 16. Nd3 Nxd3 17. Rxd3 a5 18. e5 Bf5 19. Rd2 dxe5 20. dxe5 Nd7 21. f4 Nc5 22. Bxc5 1-0


[Site "https://www.chess.com"]

[Event "Titled Tuesday Blitz December 06 Early 2022"]
[White "Osiecki, Stanislaw"]
[Black "Begunov, Konstantin"]
[WhiteFideId "1102990"]
[BlackFideId "4118510"]
[WhiteElo "2088"]
[BlackElo "2141"]
[Result "1-0"]
[Round "03"]
[TimeControl "180+1"]
[Date "2022.12.07"]
[WhiteClock "0:01:37"]
[BlackClock "0:00:34"]

1. e4 c5 2. c3 Nf6 3. e5 Nd5 4. d4 cxd4 5. Nf3 Nc6 6. cxd4 d6 7. Bc4 Nb6 8. Bb5 d5 9. h3 Bf5 10. Bd3 Bxd3 11. Qxd3 e6 12. O-O Be7 13. Nc3 Rc8 14. Be3 O-O 15. Rac1 Nc4 16. Qe2 a6 17. g3 b5 18. h4 Qb6 19. h5 Nxe3 20. Qxe3 Na5 21. h6 g6 22. Qf4 Nc4 23. b3 Na5 24. Ne2 Qb8 25. Rxc8 Rxc8 26. Ng5 Rf8 27. Rc1 Qd8 28. Nf3 Qd7 29. Qd2 Nc6 30. Nh2 Rc8 31. Ng4 Na7 32. Qf4 Rxc1+ 33. Nxc1 Qd8 34. Nf6+ Kh8 35. Ng4 Kg8 36. Nf6+ Bxf6 37. exf6 Nc6 38. Nd3 Nb8 39. Nc5 Kf8 40. Qxb8 Qxb8 41. Nd7+ Ke8 42. Nxb8 a5 43. Nc6 a4 44. bxa4 bxa4 45. Kf1 Kd7 46. Ne5+ Ke8 47. Ke2 1-0


[Site "https://www.chess.com"]

[Event "Titled Tuesday Blitz December 06 Early 2022"]
[White "Osinovsky, Stepan"]
[Black "Oro, Faustino"]
[WhiteFideId "4157354"]
[BlackFideId "20000197"]
[WhiteElo "2222"]
[BlackElo "1984"]
[Result "1-0"]
[Round "03"]
[TimeControl "180+1"]
[Date "2022.12.07"]
[WhiteClock "0:00:45"]
[BlackClock "0:00:03"]

1. e4 e5 2. Nf3 Nc6 3. Bb5 a6 4. Ba4 Nf6 5. d3 b5 6. Bb3 Be7 7. O-O O-O 8. Re1 d6 9. h3 Na5 10. c3 Nxb3 11. axb3 Bb7 12. Nbd2 c5 13. Nf1 Ne8 14. Ng3 g6 15. Bh6 Ng7 16. Qd2 Re8 17. Nh2 Bc8 18. f4 exf4 19. Qxf4 Ne6 20. Qf3 Bg5 21. Ng4 Qe7 22. Rf1 Bxh6 23. Nxh6+ Kh8 24. Qxf7 Bd7 25. Rf2 Ng5 26. Qxe7 Rxe7 27. h4 Ne6 28. Nf7+ Kg7 29. Nxd6 Nc7 30. Raf1 Be6 31. h5 Rd8 32. e5 Bxb3 33. d4 cxd4 34. cxd4 Be6 35. Nge4 Nd5 36. Nc5 a5 37. hxg6 hxg6 38. Rf6 Bg8 39. R1f3 Rc7 40. Ne6+ Bxe6 41. Rxe6 Rc1+ 42. Kh2 Rh8+ 43. Kg3 Rf8 44. Ne8+ Kg8 45. Rxg6+ 1-0


[Site "https://www.chess.com"]

[Event "Titled Tuesday Blitz December 06 Early 2022"]
[White "Osmonbekov, Talaibek"]
[Black "Chernov, Mikhail"]
[WhiteFideId "2017253"]
[BlackFideId "24143170"]
[WhiteElo "2135"]
[BlackElo "2113"]
[Result "0-1"]
[Round "03"]
[TimeControl "180+1"]
[Date "2022.12.07"]
[WhiteClock "0:00:01"]
[BlackClock "0:00:39"]

1. d4 d5 2. Bf4 Nf6 3. Nc3 c6 4. e3 Bf5 5. f3 h6 6. g4 Bh7 7. h4 e6 8. Bd3 Bxd3 9. Qxd3 Nbd7 10. Nge2 Qa5 11. O-O-O b5 12. e4 Nb6 13. g5 Nh5 14. Bc7 b4 15. exd5 bxc3 16. dxe6 cxb2+ 17. Kb1 Qd5 18. Nc3 Qc4 19. exf7+ Kd7 20. Bxb6 Qxd3 21. Rxd3 axb6 22. d5 c5 23. d6 Nf4 24. Rd2 hxg5 25. Re1 gxh4 26. Re4 g5 27. Nd5 Nxd5 28. Rxd5 h3 29. Re1 h2 30. Rh1 Bxd6 31. Rxg5 Raf8 32. Kxb2 Rxf7 33. Rg6 Rxf3 0-1


[Site "https://www.chess.com"]

[Event "Titled Tuesday Blitz December 06 Early 2022"]
[White "Paiva, Henrique M A Albergaria"]
[Black "Sharafiev, Azat"]
[WhiteFideId "1920995"]
[BlackFideId "4186214"]
[WhiteElo "1993"]
[BlackElo "2350"]
[Result "1-0"]
[Round "03"]
[TimeControl "180+1"]
[Date "2022.12.07"]
[WhiteClock "0:01:14"]
[BlackClock "0:00:24"]

1. e4 c5 2. Nf3 Nc6 3. Nc3 e5 4. Bc4 Be7 5. O-O Nf6 6. d3 O-O 7. h3 d6 8. Bg5 Nh5 9. Bxe7 Qxe7 10. Nd5 Qd8 11. Nxe5 Nxe5 12. Qxh5 Nxc4 13. dxc4 Re8 14. Rfe1 Re5 15. Qf3 Qh4 16. Rad1 Rg5 17. Ne7+ Kf8 18. Nxc8 Rxc8 19. Rxd6 Re5 20. Rd7 Re7 21. Rxe7 Kxe7 22. Rd1 Qf6 23. Qg4 Rd8 24. Rxd8 Kxd8 25. c3 Qa6 26. Qg5+ Ke8 27. Qe5+ Kd8 28. Qxg7 Qxc4 29. Qf8+ Kd7 30. a3 Qxe4 31. Qxf7+ Kc6 32. Qf3 Qxf3 33. gxf3 Kd5 34. Kf1 Kc4 35. Ke2 Kb3 36. f4 Kxb2 37. Kd3 Kxa3 38. f5 b5 39. f6 c4+ 40. Kc2 b4 41. cxb4 Kxb4 42. f7 1-0


[Site "https://www.chess.com"]

[Event "Titled Tuesday Blitz December 06 Early 2022"]
[White "Pajeken, Jakob Leon"]
[Black "Gabuzyan, Hovhannes"]
[WhiteFideId "12942839"]
[BlackFideId "13303732"]
[WhiteElo "2414"]
[BlackElo "2486"]
[Result "0-1"]
[Round "03"]
[TimeControl "180+1"]
[Date "2022.12.06"]
[WhiteClock "0:00:02"]
[BlackClock "0:00:39"]

1. d4 Nf6 2. Nf3 g6 3. g3 c5 4. c3 b6 5. Bg2 Bb7 6. Qb3 Qc8 7. O-O Bd5 8. c4 Bb7 9. d5 d6 10. Nc3 Bg7 11. e4 O-O 12. e5 dxe5 13. Nxe5 Nfd7 14. Nd3 e5 15. dxe6 fxe6 16. Ne4 Bxe4 17. Bxe4 Nc6 18. Qa4 Nd4 19. Be3 Nf6 20. Bxa8 Ne2+ 21. Kg2 Qxa8+ 22. f3 Ng4 23. Bg5 h6 24. h3 Nh2 25. Kxh2 Rxf3 26. Bxh6 Rxg3 27. Rf2 Bxh6 28. Rxe2 Rxd3 29. Rf1 Qb8+ 30. Kh1 Rxh3+ 31. Kg1 Qg3+ 32. Rg2 Be3+ 33. Rf2 Bxf2+ 34. Kf1 Rh1+ 35. Ke2 Qe3# 0-1


[Site "https://www.chess.com"]

[Event "Titled Tuesday Blitz December 06 Early 2022"]
[White "Papasimakopoulos, Alexandros"]
[Black "Sadhwani, Raunak"]
[WhiteFideId "4244125"]
[BlackFideId "35093487"]
[WhiteElo "2384"]
[BlackElo "2657"]
[Result "0-1"]
[Round "03"]
[TimeControl "180+1"]
[Date "2022.12.06"]
[WhiteClock "0:00:05"]
[BlackClock "0:00:04"]

1. d4 Nf6 2. c4 g6 3. Nc3 Bg7 4. Bg5 O-O 5. e3 d6 6. Be2 Nbd7 7. Nf3 e5 8. dxe5 dxe5 9. Nd2 h6 10. Bh4 c6 11. O-O Qc7 12. Bg3 Rd8 13. Qc2 Nc5 14. b4 Bf5 15. e4 Rxd2 16. Qxd2 Ncxe4 17. Nxe4 Nxe4 18. Qe3 a5 19. a3 Qe7 20. c5 h5 21. Bf3 Ng5 22. Be2 Ne4 23. Bf3 Nxg3 24. hxg3 e4 25. Rae1 Re8 26. Be2 Rd8 27. Rd1 Re8 28. Rd2 Kh7 29. Rd6 axb4 30. axb4 Bh6 31. Qd4 Bg7 32. Qe3 Bh6 33. Qb3 e3 34. f4 Bg7 35. Rfd1 Ra8 36. b5 cxb5 37. Qxb5 Ra2 38. Kf1 h4 39. g4 Be4 40. Qc4 h3 41. Kg1 Qh4 42. Rf1 Bxg2 43. Qxa2 Qg3 0-1


[Site "https://www.chess.com"]

[Event "Titled Tuesday Blitz December 06 Early 2022"]
[White "Papp, Levente"]
[Black "Nugumanov, Bakhtiyar"]
[WhiteFideId "751243"]
[BlackFideId "13701797"]
[WhiteElo "2380"]
[BlackElo "2287"]
[Result "1-0"]
[Round "03"]
[TimeControl "180+1"]
[Date "2022.12.07"]
[WhiteClock "0:00:10"]
[BlackClock "0:00:02"]

1. d4 Nf6 2. Nc3 d5 3. Bf4 e6 4. Nf3 Bd6 5. Ne5 Nbd7 6. e3 a6 7. Bd3 Qe7 8. g4 h6 9. h4 c5 10. Qf3 c4 11. Be2 h5 12. g5 Bxe5 13. dxe5 Ng4 14. Qg3 Qc5 15. Bxg4 hxg4 16. Qxg4 g6 17. O-O-O b5 18. h5 gxh5 19. Rxh5 Rxh5 20. Qxh5 Nf8 21. Qe2 b4 22. Nb1 Bd7 23. e4 Bc6 24. exd5 Bxd5 25. Qe3 Qc6 26. Qd4 Ng6 27. Be3 a5 28. f4 Ne7 29. Qc5 Nf5 30. Qxc6+ Bxc6 31. Bb6 a4 32. a3 b3 33. cxb3 cxb3 34. Nc3 Rb8 35. Bc5 Nh4 36. Rd3 Ng6 37. Rh3 Rc8 38. Be3 Bd5 39. Rh2 1-0


[Site "https://www.chess.com"]

[Event "Titled Tuesday Blitz December 06 Early 2022"]
[White "Petrova, Irina"]
[Black "Kim, Sergey"]
[WhiteFideId "14124122"]
[BlackFideId "13700570"]
[WhiteElo "2023"]
[BlackElo "2622"]
[Result "0-1"]
[Round "03"]
[TimeControl "180+1"]
[Date "2022.12.07"]
[WhiteClock "0:00:42"]
[BlackClock "0:00:36"]

1. e4 e5 2. Nf3 Nc6 3. Bb5 a6 4. Ba4 Nf6 5. d3 b5 6. Bb3 Bc5 7. Nc3 d6 8. Nd5 h6 9. c3 O-O 10. Rg1 Ng4 11. d4 exd4 12. cxd4 Ba7 13. h3 Nf6 14. Nxf6+ Qxf6 15. Be3 Na5 16. g4 Nxb3 17. axb3 Qg6 18. g5 h5 19. Nh4 Qxe4 20. Qxh5 g6 21. Qh6 Bxd4 22. O-O-O Bg7 23. Nxg6 Bxh6 24. Ne7+ Qxe7 25. gxh6+ Kh8 26. Rg7 c5 27. Rdg1 Bf5 28. Bg5 Qe4 29. Rg8+ Rxg8 30. Bf6+ Kh7 0-1


[Site "https://www.chess.com"]

[Event "Titled Tuesday Blitz December 06 Early 2022"]
[White "Piesik, Piotr"]
[Black "Yilmaz, Mustafa"]
[WhiteFideId "1136194"]
[BlackFideId "6302718"]
[WhiteElo "2316"]
[BlackElo "2564"]
[Result "0-1"]
[Round "03"]
[TimeControl "180+1"]
[Date "2022.12.06"]
[WhiteClock "0:00:03"]
[BlackClock "0:00:05"]

1. Nf3 c5 2. e4 d6 3. Bb5+ Bd7 4. Bxd7+ Nxd7 5. O-O Ngf6 6. Qe2 e6 7. c3 Be7 8. d4 O-O 9. e5 Ne8 10. Bf4 cxd4 11. exd6 Bxd6 12. Bxd6 Nxd6 13. Nxd4 Qb6 14. Na3 Rac8 15. Rfd1 Nf6 16. Nab5 Nde4 17. f3 Nc5 18. Kh1 Na4 19. Rd2 a6 20. Na3 Qc7 21. c4 Rfe8 22. b3 Nc5 23. Nac2 g6 24. Ne3 e5 25. Ndc2 e4 26. Nd5 Qe5 27. Re1 Rcd8 28. Nxf6+ Qxf6 29. Rxd8 Qxd8 30. Ne3 exf3 31. Qxf3 Qh4 32. Rf1 f5 33. Nd5 Kg7 34. Qc3+ Kh6 35. Qd2+ Qg5 36. Qd4 Ne4 37. Kg1 Qd2 38. Qxd2+ Nxd2 39. Rd1 Ne4 40. Nf4 Kg5 41. g3 h5 42. Kg2 h4 43. Rd7 hxg3 44. hxg3 Kf6 45. Rxb7 g5 46. Rb6+ Ke5 47. Nd5 a5 48. Rb5 Kd4 49. Rxa5 Nc5 50. Ra7 Re2+ 51. Kf3 Rd2 52. Re7 Nd3 53. g4 Rf2+ 54. Kg3 f4+ 55. Kh3 Rf3+ 56. Kh2 Rg3 57. Nf6 Ne5 58. c5 Nf3+ 0-1


[Site "https://www.chess.com"]

[Event "Titled Tuesday Blitz December 06 Early 2022"]
[White "Pranesh M"]
[Black "Tanenbaum, Zachary"]
[WhiteFideId "35028600"]
[BlackFideId "2060850"]
[WhiteElo "2403"]
[BlackElo "2175"]
[Result "0-1"]
[Round "03"]
[TimeControl "180+1"]
[Date "2022.12.06"]
[WhiteClock "0:00:16"]
[BlackClock "0:00:19"]

1. e4 e5 2. Nf3 Nc6 3. Bc4 Nf6 4. Ng5 d5 5. exd5 Na5 6. Bb5+ c6 7. dxc6 bxc6 8. Bd3 Nd5 9. Nf3 Bd6 10. O-O O-O 11. Re1 f5 12. Nxe5 Qf6 13. Nf3 g5 14. c4 Nf4 15. Bf1 g4 16. d4 gxf3 17. Qxf3 Ne6 18. Qc3 Nb7 19. c5 Bc7 20. b4 a5 21. b5 cxb5 22. Bxb5 a4 23. Bb2 Rb8 24. Bc4 Nxc5 25. d5 Rxb2 26. dxe6 Bxe6 27. Bxe6+ Nxe6 28. Qc4 Be5 29. Na3 Kh8 30. Qd5 Nf4 31. Qf3 Rg8 32. Kh1 Rxg2 33. Rg1 Rxh2+ 34. Kxh2 Qh4+ 35. Qh3 Qxh3# 0-1


[Site "https://www.chess.com"]

[Event "Titled Tuesday Blitz December 06 Early 2022"]
[White "Predke, Alexandr"]
[Black "Lewicki, Miroslaw"]
[WhiteFideId "24107581"]
[BlackFideId "1113380"]
[WhiteElo "2616"]
[BlackElo "2191"]
[Result "1-0"]
[Round "03"]
[TimeControl "180+1"]
[Date "2022.12.06"]
[WhiteClock "0:00:23"]
[BlackClock "0:00:02"]

1. Nf3 c5 2. c4 Nf6 3. Nc3 g6 4. e4 d6 5. d4 cxd4 6. Nxd4 Bg7 7. f3 O-O 8. Be3 Nc6 9. Qd2 Bd7 10. Be2 Rc8 11. O-O a6 12. Rfd1 Nxd4 13. Bxd4 Bc6 14. b4 Bd7 15. Rac1 Be6 16. Na4 Nd7 17. Be3 Qc7 18. Qe1 Qb8 19. Qf2 b5 20. cxb5 axb5 21. Nb6 Nxb6 22. Bxb6 Bxa2 23. Bxb5 Bb3 24. Rf1 Bh6 25. Rc6 Be6 26. Rb1 Bd7 27. Rxc8 Qxc8 28. Bf1 Qc3 29. b5 Rb8 30. Ba7 Rb7 31. Bd4 Qa5 32. b6 Qa3 33. Qe1 Bg7 34. Bf2 Bc3 35. Qc1 Qa5 36. Bc4 Bc6 37. h4 e6 38. Rb3 Bb4 39. Bxe6 Be8 40. Bd5 Rxb6 41. Bxb6 Qxb6+ 42. Kh1 Qd4 43. Qc8 Qf2 44. Qxe8+ Kg7 45. Qxf7+ Kh6 46. Qf8+ Kh5 47. g4+ Kxh4 48. Qh6+ Kg3 49. f4+ Kxg4 50. Be6# 1-0


[Site "https://www.chess.com"]

[Event "Titled Tuesday Blitz December 06 Early 2022"]
[White "Przybylski, Wojciech"]
[Black "Atakhan, Abtin"]
[WhiteFideId "1117599"]
[BlackFideId "22502203"]
[WhiteElo "2217"]
[BlackElo "2189"]
[Result "1-0"]
[Round "03"]
[TimeControl "180+1"]
[Date "2022.12.07"]
[WhiteClock "0:00:11"]
[BlackClock "0:00:06"]

1. e4 c5 2. Nf3 d6 3. d4 cxd4 4. Nxd4 Nf6 5. Nc3 a6 6. Be3 e5 7. Nb3 Be7 8. f3 Be6 9. Qd2 h5 10. O-O-O Nbd7 11. Kb1 Rc8 12. h4 b5 13. Be2 O-O 14. g4 hxg4 15. Rdg1 Nb6 16. fxg4 Na4 17. Bf3 Nxc3+ 18. bxc3 d5 19. exd5 Bxd5 20. Rh3 Bxf3 21. Rxf3 Ne4 22. Qxd8 Nxc3+ 23. Kb2 Rfxd8 24. Bd2 Na4+ 25. Kb1 Bxh4 26. g5 Rc4 27. Rh1 Nc5 28. Rfh3 Nxb3 29. axb3 Rcd4 30. Bc1 f5 31. Rxh4 Rxh4 32. Rxh4 Kf7 33. Bb2 Rd1+ 34. Ka2 Re1 35. c4 bxc4 36. bxc4 Kg6 37. Kb3 f4 38. c5 f3 39. Rh2 e4 40. c6 e3 41. c7 f2 42. c8=Q f1=Q 43. Qe6+ Kxg5 44. Qe7+ Kg4 45. Qxg7+ Kf3 46. Qf6+ Ke4 47. Qe6+ Kf3 48. Qf5+ Kg3 49. Be5+ 1-0


[Site "https://www.chess.com"]

[Event "Titled Tuesday Blitz December 06 Early 2022"]
[White "Putnam, Liam"]
[Black "Albertini, Luca"]
[WhiteFideId "30938279"]
[BlackFideId "847038"]
[WhiteElo "2082"]
[BlackElo "2207"]
[Result "1-0"]
[Round "03"]
[TimeControl "180+1"]
[Date "2022.12.07"]
[WhiteClock "0:00:36"]
[BlackClock "0:00:12"]

1. e4 e5 2. Nf3 Nc6 3. Bc4 Bc5 4. d4 exd4 5. c3 Nf6 6. O-O Nxe4 7. cxd4 d5 8. Bd3 Bb4 9. a3 Ba5 10. b4 Bb6 11. a4 a5 12. bxa5 Rxa5 13. Ba3 Bg4 14. Re1 Bxf3 15. gxf3 Bxd4 16. fxe4 Qg5+ 17. Kh1 Bxa1 18. exd5+ Ne5 19. Nd2 Rxd5 20. Qxa1 Qxd2 21. Rxe5+ Rxe5 22. Qxe5+ Kd7 23. Bf5+ Kc6 24. Qb5# 1-0


[Site "https://www.chess.com"]

[Event "Titled Tuesday Blitz December 06 Early 2022"]
[White "Rakhmatullaev, Almas"]
[Black "Kuznetsov, Mikhail"]
[WhiteFideId "14205793"]
[BlackFideId "4117190"]
[WhiteElo "2221"]
[BlackElo "1981"]
[Result "1-0"]
[Round "03"]
[TimeControl "180+1"]
[Date "2022.12.07"]
[WhiteClock "0:01:08"]
[BlackClock "0:00:13"]

1. e4 c6 2. Nf3 d5 3. d3 dxe4 4. Ng5 Nf6 5. Nc3 Bf5 6. dxe4 Qxd1+ 7. Kxd1 Bg6 8. f3 e6 9. Nh3 Nbd7 10. Nf4 Bd6 11. Be3 O-O-O 12. Ke1 Nb6 13. Rd1 Kc7 14. a3 Be5 15. Nd3 Bxc3+ 16. bxc3 Na4 17. Bd4 b6 18. Be2 c5 19. Be5+ Kb7 20. c4 Rhg8 21. Kf2 Nd7 22. Ba1 Nb8 23. h4 h6 24. h5 Bh7 25. Rd2 Nc6 26. Rhd1 f6 27. Nf4 Rxd2 28. Rxd2 Rd8 29. Rxd8 Nxd8 30. Bd1 a6 31. Ke3 b5 32. cxb5 axb5 33. c4 Nb6 34. cxb5 Nc4+ 35. Kd3 Nxa3 36. Bb3 Kb6 37. Bb2 Nxb5 38. Bxe6 Nd6 39. Bd5 Kc7 40. Ng6 Bxg6 41. hxg6 Nc6 42. Bxc6 Kxc6 43. Bxf6 c4+ 44. Kd4 gxf6 45. g7 Nb5+ 46. Kxc4 Nd6+ 47. Kd3 Nb7 48. g8=Q Nc5+ 49. Ke3 Kd6 50. Qd5+ Ke7 51. Qxc5+ Kf7 52. Qf5 Kg7 53. e5 fxe5 54. Qxe5+ Kg6 55. g4 h5 56. Qxh5+ Kg7 57. g5 Kf8 58. Qh7 Ke8 59. Ke4 Kd8 60. Ke5 Kc8 61. Kd6 Kb8 62. Kc6 Ka8 63. Qb7# 1-0


[Site "https://www.chess.com"]

[Event "Titled Tuesday Blitz December 06 Early 2022"]
[White "Rangel, Daniel"]
[Black "Palacio,Igor Da Paz"]
[WhiteFideId "2124475"]
[BlackFideId "2121140"]
[WhiteElo "2225"]
[BlackElo "2126"]
[Result "1-0"]
[Round "03"]
[TimeControl "180+1"]
[Date "2022.12.07"]
[WhiteClock "0:00:35"]
[BlackClock "0:00:01"]

1. d4 Nf6 2. c4 g6 3. Nc3 Bg7 4. e4 d6 5. Nf3 O-O 6. Be2 Re8 7. O-O Bg4 8. Ne1 Bxe2 9. Qxe2 Nc6 10. Be3 e5 11. d5 Nd4 12. Qd1 c5 13. a3 Rf8 14. Rb1 Nh5 15. b4 b6 16. Nd3 f5 17. f3 Bf6 18. bxc5 bxc5 19. Bh6 Bg7 20. Bxg7 Kxg7 21. Rb7+ Rf7 22. Rxf7+ Kxf7 23. Qa4 Qg5 24. Qd7+ Qe7 25. Qxe7+ Kxe7 26. Rb1 Rc8 27. Rb7+ Kf6 28. exf5 gxf5 29. g4 Nxf3+ 30. Kf2 fxg4 31. Ne4+ Kg6 32. Nxd6 Rf8 33. Ke3 Nd4 34. Nxe5+ Kg5 35. Ne4+ Kh4 36. Rxh7 Rf5 37. Ng6+ Kh3 38. Ng3 Rf3+ 39. Ke4 Kxh2 40. Nxh5 Kg1 41. d6 g3 42. d7 Rf2 43. Nxg3 1-0


[Site "https://www.chess.com"]

[Event "Titled Tuesday Blitz December 06 Early 2022"]
[White "Ray, Sarathi"]
[Black "Rodriguez Fontecha, Marcos"]
[WhiteFideId "2032490"]
[BlackFideId "2256576"]
[WhiteElo "2029"]
[BlackElo "2263"]
[Result "0-1"]
[Round "03"]
[TimeControl "180+1"]
[Date "2022.12.07"]
[WhiteClock "0:00:13"]
[BlackClock "0:01:07"]

1. e4 e6 2. d4 d5 3. Bd3 c5 4. exd5 Qxd5 5. Nc3 Qd8 6. Nf3 cxd4 7. Nxd4 Nf6 8. Qe2 Qxd4 9. Bb5+ Bd7 10. Be3 Qb4 11. O-O-O Nc6 12. Rd2 a6 13. Ba4 Bc5 14. a3 Qb6 15. Bg5 O-O-O 16. Rhd1 Nd4 17. Qc4 Bb5 18. Qa2 Nc6 19. Bxb5 axb5 20. Qb3 Nd4 21. Qa2 h6 22. Bxf6 gxf6 23. Ne4 f5 24. Nxc5 Qxc5 25. Qb1 Nb3# 0-1


[Site "https://www.chess.com"]

[Event "Titled Tuesday Blitz December 06 Early 2022"]
[White "Rose, Felix"]
[Black "Williams, Simon K"]
[WhiteFideId "5105722"]
[BlackFideId "404454"]
[WhiteElo "2039"]
[BlackElo "2468"]
[Result "0-1"]
[Round "03"]
[TimeControl "180+1"]
[Date "2022.12.07"]
[WhiteClock "0:00:11"]
[BlackClock "0:00:17"]

1. d4 e6 2. e4 b6 3. Bd3 Bb7 4. Nf3 d6 5. O-O Nd7 6. Qe2 g6 7. a4 a6 8. Nbd2 Bg7 9. c3 Ne7 10. Re1 O-O 11. Nf1 h6 12. h3 c5 13. Bf4 e5 14. dxe5 Nxe5 15. Bxe5 dxe5 16. Bc4 Qc7 17. Red1 Nc6 18. Ne3 Na5 19. Nd5 Bxd5 20. Bxd5 Nb7 21. b4 Ra7 22. Nh4 Kh7 23. g3 Nd6 24. Ng2 f5 25. Rac1 f4 26. gxf4 exf4 27. f3 Be5 28. Qf2 c4 29. Ne1 b5 30. a5 Qe7 31. Kh1 Rd7 32. Bc6 Rc7 33. Bd5 Ne8 34. Rd2 Nf6 35. Ng2 Nh5 36. Rcd1 Bxc3 37. Rc2 Be5 38. Kh2 Qxb4 39. Be6 Qe7 40. Bg4 Nf6 41. Rcd2 Nxg4+ 42. hxg4 c3 43. Rd5 c2 44. Rc1 Rfc8 45. Rd2 Qc5 46. Qxc5 Rxc5 47. Ne1 b4 48. Rdxc2 Rxc2+ 49. Rxc2 Rxc2+ 50. Nxc2 b3 51. Na3 Bd6 52. Nb1 Bb4 53. Kg2 Kg7 54. Kf2 Kf6 55. Ke2 h5 56. Kd3 h4 57. Kd4 h3 58. e5+ Ke6 0-1


[Site "https://www.chess.com"]

[Event "Titled Tuesday Blitz December 06 Early 2022"]
[White "Rosenberg, Evan S"]
[Black "Nambiar, Vivek"]
[WhiteFideId "2019299"]
[BlackFideId "5005329"]
[WhiteElo "2364"]
[BlackElo "2113"]
[Result "0-1"]
[Round "03"]
[TimeControl "180+1"]
[Date "2022.12.07"]
[WhiteClock "0:00:11"]
[BlackClock "0:00:41"]

1. d4 d5 2. Nf3 Nf6 3. c3 c5 4. dxc5 Na6 5. b4 b6 6. Qa4+ Qd7 7. c6 Qd6 8. g3 Nc7 9. Bf4 Qd8 10. Na3 e6 11. Ne5 Bd6 12. Nb5 Nxb5 13. Qxb5 O-O 14. Bg2 a6 15. Qd3 Nh5 16. a3 f6 17. Nf3 Bxf4 18. gxf4 Nxf4 19. Qd4 e5 20. Nxe5 fxe5 21. Qxe5 Nxg2+ 22. Kf1 Bh3 23. Kg1 Rf5 24. Qg3 Rg5 25. Qxh3 Ne3+ 26. Qg3 Rxg3+ 27. hxg3 Ng4 28. Rd1 Rc8 29. Rd4 Nf6 30. g4 Rxc6 31. g5 Ne4 32. g6 hxg6 33. f3 Qg5+ 34. Kf1 Ng3+ 35. Kg2 Nxh1+ 36. Rg4 Qc1 37. Rxg6 Rxg6+ 0-1


[Site "https://www.chess.com"]

[Event "Titled Tuesday Blitz December 06 Early 2022"]
[White "Rustemov, Alexander"]
[Black "Urbina Perez, Juan Antonio"]
[WhiteFideId "4119002"]
[BlackFideId "2217368"]
[WhiteElo "2802"]
[BlackElo "2197"]
[Result "1-0"]
[Round "03"]
[TimeControl "180+1"]
[Date "2022.12.07"]
[WhiteClock "0:01:04"]
[BlackClock "0:00:49"]

1. d4 d5 2. c4 c6 3. Nc3 Nf6 4. e3 a6 5. Qc2 g6 6. Nf3 Bg7 7. Bd3 O-O 8. O-O b5 9. b3 Nbd7 10. Bb2 Bb7 11. c5 a5 12. h3 b4 13. Na4 Ba6 14. a3 Bxd3 15. Qxd3 bxa3 16. Rxa3 Re8 17. Rfa1 Ne4 18. Bc3 Qc7 19. Nb2 Ndxc5 20. Qc2 Nb7 21. Nd3 Nxc3 22. Qxc3 e6 23. b4 Bf8 24. Ra4 Ra7 25. bxa5 Rea8 26. a6 Nd6 27. Nfe5 Rc8 28. Rc1 Qb6 29. Qc5 Qxc5 30. Rxc5 Nb5 31. Rxc6 Rca8 32. Rb6 Nc7 33. Nc5 Bxc5 34. dxc5 Rxa6 35. Raxa6 Nxa6 36. c6 Rc8 37. Rxa6 1-0


[Site "https://www.chess.com"]

[Event "Titled Tuesday Blitz December 06 Early 2022"]
[White "Sadubayev, Airat"]
[Black "Bacrot, Etienne"]
[WhiteFideId "13713264"]
[BlackFideId "605506"]
[WhiteElo "2160"]
[BlackElo "2667"]
[Result "0-1"]
[Round "03"]
[TimeControl "180+1"]
[Date "2022.12.06"]
[WhiteClock "0:00:03"]
[BlackClock "0:00:09"]

1. d4 Nf6 2. c4 c6 3. Nc3 d5 4. e3 Bf5 5. cxd5 cxd5 6. Qb3 Nc6 7. Qxb7 Bd7 8. Qb3 e5 9. dxe5 Rb8 10. Qd1 Nxe5 11. Be2 Bd6 12. Nf3 O-O 13. O-O Qc7 14. h3 Rfd8 15. a4 Nxf3+ 16. Bxf3 Be5 17. Qd3 Qc5 18. Rd1 Rb3 19. Qd2 Bf5 20. Nb5 Bc2 21. Re1 Re8 22. Nc3 Bg6 23. Qd1 Rbb8 24. Nb5 Bc2 25. Qd2 Be4 26. Be2 a6 27. Nc3 Bg6 28. Bxa6 Rbd8 29. Bb5 Rf8 30. Qe2 Bb8 31. Qf3 Be4 32. Nxe4 Nxe4 33. Qe2 Qd6 34. f4 Qg6 35. Qf3 Ba7 36. Kh1 Rc8 37. Kh2 h5 38. Re2 h4 39. Bd2 Rc2 40. Bc3 Qg3+ 41. Qxg3 hxg3+ 42. Kh1 Rxe2 43. Bxe2 Bxe3 44. Be1 d4 45. a5 Ra8 46. Bd3 Nc5 47. Bc4 d3 48. b4 Ne4 49. Bxd3 Nf2+ 50. Bxf2 gxf2 51. g3 Bd4 52. Kg2 Bxa1 53. b5 Bc3 54. a6 Bd4 55. Be4 Ra7 56. Bb7 Bb6 57. Kf1 Kf8 58. g4 g6 59. Ke2 Ke7 60. h4 Kf6 61. Kf1 Kg7 62. Ke2 f5 63. g5 Be3 64. Kf1 Kf7 65. Ke2 Ke6 66. Kf1 Rxb7 67. axb7 Bxf4 68. Kxf2 Bb8 69. Kf3 Ke5 70. Ke3 f4+ 71. Kf3 Kf5 72. Kg2 Kg4 73. Kf2 Kxh4 74. Kf3 Kxg5 0-1


[Site "https://www.chess.com"]